Map: Kairos Junction LE

Players

Mez

  • Race: Terran Terran
  • League: Master
  • Spawn Location: 5:00

ErazorZ - Winner!

  • Race: Protoss Protoss
  • League: Master
  • Spawn Location: 11:00

VOD

Have the link to the VOD?

Description

Time

  • Played on: Aug. 15, 2019, 3:24 p.m.
  • Length: 11:59
Show
View Real Time Build Order
Export as new Build Order

Mez Terran 

Build Orders: Reaper Expand 

Get SALT Encoding   

  12  0:00  SCV  
  13  0:13  SCV  
  14  0:17  Supply Depot  
  14  0:25  SCV  
  15  0:39  SCV, Barracks  
  16  0:44  Refinery  
  16  0:58  SCV  
  17  1:10  SCV  
  18  1:22  SCV  
  19  1:33  Reaper  
  19  1:35  Orbital Command  
  20  1:48  Command Center  
  20  1:58  Bunker  
  20  2:01  SCV  
  20  2:06  Barracks Reactor  
  21  2:14  Supply Depot  
  21  2:16  SCV  
  22  2:31  SCV  
  23  2:42  Command Center  
  23  2:43  Marine x2  
  24  3:02  Marine x2  
  26  3:11  SCV  
  27  3:14  Refinery  
  27  3:15  Factory  
  26  3:20  Marine x2  
  26  3:23  SCV  
  29  3:29  Orbital Command  
  29  3:35  SCV  
  30  3:41  Marine x2  
  30  3:47  SCV  
  33  3:54  Orbital Command  
  33  3:56  SCV  
  33  3:59  SCV  
  33  4:01  Widow Mine  
  33  4:02  Marine x2  
  39  4:07  Starport  
  39  4:11  SCV  
  39  4:12  SCV  
  41  4:19  Marine  
  41  4:20  Marine  
  41  4:23  Widow Mine  
  45  4:25  SCV x2  
  45  4:28  Refinery  
  45  4:29  SCV  
  48  4:36  Supply Depot  
  48  4:37  SCV x2  
  50  4:38  Marine x2  
  50  4:41  SCV  
  50  4:43  Starport Tech Lab  
  50  4:44  Factory Tech Lab  
  53  4:49  SCV x2  
  55  4:57  SCV  
  55  4:59  Supply Depot  
  56  5:01  SCV, Marine x2  
  56  5:04  Raven, Siege Tank  
  64  5:09  SCV  
  64  5:10  Barracks  
  65  5:16  SCV x2  
  65  5:18  Bunker  
  65  5:19  Marine x2  
  69  5:29  SCV x2  
  69  5:33  Barracks  
  71  5:35  Supply Depot  
  71  5:37  SCV, Marine x2  
  71  5:39  Siege Tank  
  77  5:48  SCV  
  76  6:01  SCV  
  76  6:02  SCV, Marine x2  
  80  6:10  Engineering Bay, SCV  
  81  6:12  Starport Reactor  
  81  6:13  Stimpack, Engineering Bay, SCV  
  81  6:14  Supply Depot  
  81  6:15  Supply Depot  
  81  6:18  Siege Tank  
  85  6:26  Refinery  
  85  6:27  Barracks Tech Lab  
  85  6:35  Marine x2, Marauder  
  85  6:36  SCV  
  85  6:37  SCV x2  
  92  6:42  Terran Infantry Armor Level 1, Terran Infantry Weapons Level 1  
  92  6:47  Marine  
  92  6:51  Orbital Command  
  92  6:53  Marine  
  94  7:04  Missile Turret  
  94  7:05  Combat Shield  
  94  7:09  Medivac x2  
  94  7:11  Missile Turret, Barracks  
  94  7:12  Barracks  
  98  7:17  Marine, Marauder  
  98  7:18  Factory Reactor  
  101  7:22  Supply Depot  
  101  7:23  Supply Depot  
  101  7:24  Supply Depot  
  101  7:32  Missile Turret  
  101  7:44  Viking x2, SCV x3, Marine x2, Marauder  
  101  7:50  Supply Depot  
  112  7:52  Supply Depot  
  112  7:56  SCV x3  
  112  7:57  Supply Depot  
  115  7:59  Marauder, Supply Depot  
  115  8:00  Barracks Reactor, Barracks Tech Lab  
  117  8:08  SCV x2  
  118  8:13  Marine x2, Marauder  
  118  8:14  Medivac x2  
  118  8:17  Widow Mine  
  128  8:22  Refinery  
  128  8:24  Refinery  
  127  8:30  Concussive Shells, Marauder  
  127  8:32  Supply Depot  
  127  8:33  Widow Mine, Supply Depot  
  131  8:44  Medivac x2  
  135  8:50  Marine x4, Marauder x2  
  143  8:56  Ghost Academy  
  143  8:59  Armory  
  140  9:04  Hellion  
  140  9:09  Marine x3, Marauder  
  140  9:12  Marauder x2  
  140  9:15  Medivac x2  
  142  9:23  Marine  
  142  9:27  Marine  
  142  9:30  Marauder  
  127  9:33  Marauder  
  127  9:36  Marine x2, Marauder  
  117  9:41  Marine  
  111  9:48  Marine  
  111  9:52  Barracks, Marauder  
  110  9:54  Marauder  
  110  9:55  Barracks, Starport  
  110  9:56  Barracks  
  110  9:57  Marauder  
  114  10:01  Marine x3  
  109  10:09  Widow Mine  
  109  10:10  Widow Mine  
  109  10:13  Marauder  
  110  10:16  Marauder  
  110  10:17  Marine  
  110  10:18  Marine  
  110  10:19  Marine x2, Marauder  
  105  10:25  Medivac  
  96  10:31  Widow Mine  
  96  10:32  Medivac  
  96  10:35  Marine, Marauder  
  92  10:36  Marine x2  
  92  10:37  Marauder  
  92  10:40  Marauder, Orbital Command  
  92  10:42  Marine  
  94  10:43  Barracks Tech Lab x2  
  86  10:51  Marauder  
  86  10:56  Marauder  
  93  10:59  Marauder  
  92  11:04  Starport Tech Lab  
  92  11:05  Ghost  
  92  11:06  Ghost  
  92  11:08  SCV  
  92  11:09  SCV x2  
  99  11:17  Ghost, Marine  
  99  11:18  Marine x2  
  104  11:21  SCV  
  105  11:30  Marine, Marauder x2  
  105  11:31  Marauder  
  112  11:34  Marine  
Show
View Real Time Build Order
Export as new Build Order

ErazorZ Protoss - Winner!

Build Orders: Blink Stalkers 

Get SALT Encoding   

  12  0:08  Pylon  
  12  0:13  Probe  
  13  0:28  Probe, Gateway  
  14  0:36  Probe  
  15  0:43  Assimilator  
  15  0:46  Probe  
  16  1:00  Probe  
  17  1:05  Pylon  
  17  1:12  Probe  
  17  1:18  Cybernetics Core  
  18  1:24  Probe  
  18  1:36  Probe  
  19  1:44  Adept  
  19  1:48  Probe  
  22  1:55  Warp Gate  
  22  2:05  Nexus  
  22  2:08  Probe  
  23  2:16  Stalker  
  23  2:21  Probe  
  26  2:25  Assimilator  
  26  2:35  Probe  
  27  2:37  Pylon  
  27  2:47  Probe  
  28  2:59  Probe  
  29  3:10  Twilight Council  
  29  3:11  Probe  
  30  3:15  Probe  
  31  3:20  Probe  
  31  3:23  Probe  
  31  3:26  Blink  
  32  3:28  Probe  
  34  3:38  Probe  
  34  3:40  Probe  
  34  3:47  Gateway  
  34  3:49  Gateway  
  34  3:50  Probe  
  34  3:52  Probe  
  34  3:54  Pylon  
  36  3:57  Pylon  
  36  4:02  Robotics Facility  
  36  4:03  Probe  
  36  4:05  Probe  
  36  4:08  Assimilator  
  38  4:15  Probe  
  38  4:17  Probe  
  40  4:22  Gateway  
  40  4:27  Probe, Gateway  
  40  4:29  Probe  
  42  4:33  Gateway  
  42  4:38  Warp Prism  
  42  4:42  Probe  
  42  4:43  Gateway  
  45  4:54  Stalker  
  45  4:56  Stalker  
  49  5:02  Stalker  
  51  5:07  Pylon  
  51  5:12  Pylon  
  51  5:15  Observer  
  51  5:17  Stalker  
  54  5:22  Stalker x2  
  54  5:26  Stalker  
  60  5:33  Stalker  
  60  5:34  Stalker  
  64  5:48  Stalker x3  
  70  5:53  Charge  
  70  6:00  Probe  
  70  6:03  Observer  
  71  6:05  Probe  
  71  6:08  Assimilator  
  73  6:12  Probe  
  73  6:17  Observer  
  73  6:18  Probe  
  75  6:20  Nexus  
  75  6:21  Pylon  
  76  6:25  Pylon  
  76  6:26  Templar Archives, Probe  
  76  6:30  Probe  
  78  6:38  Probe  
  79  6:42  Probe  
  79  6:46  Pylon  
  80  6:48  Observer  
  80  6:50  Probe  
  80  6:51  Stalker  
  84  6:54  Pylon  
  84  6:57  Probe  
  84  7:01  Psionic Storm  
  84  7:02  Probe  
  84  7:03  Pylon  
  85  7:13  Probe  
  86  7:18  Assimilator, Probe  
  86  7:20  High Templar, Assimilator  
  89  7:24  Zealot x3  
  89  7:25  Zealot  
  89  7:28  Probe  
  98  7:41  High Templar  
  98  7:42  Probe  
  100  7:45  High Templar  
  100  7:50  Forge  
  102  7:56  Probe, Forge  
  102  7:57  Probe x2  
  102  7:58  High Templar, Zealot x2  
  107  7:59  Zealot x2  
  107  8:08  Probe  
  108  8:15  Protoss Ground Armor Level 1  
  106  8:20  Observer  
  106  8:21  High Templar  
  106  8:22  High Templar  
  106  8:23  Zealot x4  
  106  8:26  Protoss Ground Weapons Level 1  
  118  8:32  Gateway  
  118  8:34  Gateway  
  118  8:35  Gateway  
  118  8:36  Gateway  
  118  8:40  Pylon  
  117  8:48  High Templar, Zealot x3  
  123  8:53  Photon Cannon  
  119  9:11  Zealot x3  
  115  9:18  Stalker x3  
  105  9:36  Stalker x3  
  105  9:37  Stalker x2  
  104  9:48  Probe  
  104  9:49  Probe  
  104  9:52  Probe  
  105  10:01  Probe  
  105  10:04  Probe  
  101  10:16  Archon x2  
  83  10:36  Zealot x3, High Templar x3  
  83  10:37  High Templar x2, Zealot x3  
  101  10:48  Immortal  
  97  10:55  Probe  
  97  10:56  Probe x2  
  104  10:58  Gateway  
  104  10:59  Zealot x2  
  104  11:00  Zealot x3, Gateway  
  114  11:06  Stalker  
  116  11:19  High Templar  
  116  11:20  High Templar  
  116  11:21  Warp Prism  
  116  11:22  High Templar  
  122  11:26  Pylon  
  122  11:28  Pylon  
  124  11:45  Robotics Facility  
Tags
 
Add a new tag
Caveats
  • Supply blocks, unpowered buildings, or Contaminate may cause inaccurate times.
  • Supply counts are checked every 10 seconds.